 Dungeon Crawl Stone Soup version 0.20-a0-910-gb611367 (webtiles) character file.

4364 galech the Grappler (level 10, 0/94 HPs)
             Began as a Troll Monk on Mar 23, 2017.
             Was a High Priest of Okawaru.
             Slain by a polar bear (12 damage)
             ... on level 7 of the Dungeon.
             The game lasted 00:12:35 (5460 turns).

galech the Grappler (Troll Monk)                    Turns: 5460, Time: 00:12:36

Health: 0/94       AC:  8    Str: 24    XL:     10   Next: 12%
Magic:  7/10       EV: 13    Int:  6    God:    Okawaru [*****.]
Gold:   478        SH:  0    Dex:  7    Spells: 9/9 levels left

rFire    . . .     SeeInvis +     - Unarmed
rCold    . . .     Gourm    +   E - +2 robe {MR+}
rNeg     . . .     Faith    .   (no shield)
rPois    .         Spirit   .   (helmet restricted)
rElec    .         Reflect  .   F - +0 cloak
rCorr    .         Harm     .   (gloves unavailable)
MR       +....                  (boots unavailable)
Stlth    +++.......             (no amulet)
Regen    0.7/turn               y - ring of see invisible
MPRegen  0.2/turn               G - -5 ring of dexterity (curse)

@: heroism
A: unfitting armour, claws 3, fast metabolism 3, gourmand, regeneration 1,
shaggy fur 1, tough skin 2
a: Heroism, Finesse, Renounce Religion


You were on level 7 of the Dungeon.
You worshipped Okawaru.
Okawaru was extremely pleased with you.
You were very full.

You visited 1 branch of the dungeon, and saw 7 of its levels.

You collected 478 gold pieces.

Inventory:

Armour
 E - a +2 robe of magic resistance (worn)
 F - a +0 cloak (worn)
Jewellery
 l - an uncursed ring of positive energy
 m - an uncursed ring of flight
 y - a ring of see invisible (right claw)
 G - a cursed -5 ring of dexterity (left claw)
Wands
 q - a wand of lightning (8/15)
 v - a wand of flame (18/48)
Scrolls
 d - 3 scrolls of fog
 e - a scroll of blinking
 f - 4 scrolls of immolation
 i - a scroll of fear
 j - 3 scrolls of enchant armour
 k - 3 scrolls of magic mapping
 t - a scroll of recharging
 u - 4 scrolls of remove curse
 x - 3 scrolls of teleportation
 C - 3 scrolls of enchant weapon
 D - a scroll of noise
Potions
 a - 4 potions of flight
 c - 3 potions of degeneration {unknown}
 n - a potion of might
 p - a potion of curing
 r - 2 potions of berserk rage
 w - 2 potions of lignification
 z - a potion of heal wounds
 B - a potion of haste
Books
 o - a book of Misfortune

   Spells                             Type                      Level
   a - Confusing Touch                Hexes                        1
   b - Confuse                        Hexes                        3
   c - Gell's Gravitas                Translocation                3
   d - Petrify                        Transmutation/Earth          4
   e - Metabolic Englaciation         Hexes/Ice                    5
   f - Yara's Violent Unravelling     Hexes/Transmutation          5
Comestibles
 b - 9 bread rations
 g - 4 meat rations
 h - 7 fruits
 A - 3 royal jellies


   Skills:
 + Level 4.6(9.6) Fighting
 + Level 5.8(10.8) Dodging
 + Level 2.7(7.7) Stealth
 + Level 11.7(16.7) Unarmed Combat
 + Level 1.6 Invocations


You had 9 spell levels left.
You didn't know any spells.

Dungeon Overview and Level Annotations

Branches:
Dungeon (7/15)             Temple (0/1) D:6

Altars:
Ashenzari
Fedhas
Okawaru
Wu Jian
The Shining One

Shops:
D:7 (}


Innate Abilities, Weirdness & Mutations

You are too large for most types of armour.
You have claws for hands.
Your metabolism is lightning-fast.
You like to eat raw meat.
Your natural rate of healing is unusually fast.
You are covered in fur. (AC +1)
You have very tough skin. (AC +2)


Message History

Okawaru accepts your kill.
You eviscerate the hog!!!
You kill the hog!
Okawaru accepts your kill.
You hear an angry growl.
You barely miss the polar bear. The polar bear bites you!
* * * LOW HITPOINT WARNING * * *
The polar bear misses you. The polar bear closely misses you.
You mangle the polar bear!!
The polar bear is heavily wounded.
You hear an angry growl.
You closely miss the polar bear.
The polar bear is heavily wounded.
The polar bear barely misses you. The polar bear misses you.
The polar bear claws you but does no damage.
You claw the polar bear!
The polar bear is severely wounded.
You hear an angry growl.
The polar bear bites you!
You die...

#(#### #..#'###
#.############.#.#
#..............#.#
###.##########.#.#
#.#........#.#.#
#.#......h.#.#.#
#.#....h.hh#.#.#
#.#...hhh..#.#.#
#@#.h.hYh..#.#.#
#h###''h'###...#
#..............#
#..............#
##.............#
#############>#
###


You could see a polar bear.

Vanquished Creatures
  A death yak (D:7)
  The ghost of Brouzouf the Carver, a novice BaFi (D:6)
  3 polar bears (D:7)
  Sigmund (D:3)
  4 hogs (D:7)
  Menkaure (D:7)
  An orc warrior (D:6)
  Duvessa (D:5)
  A phantom (D:6)
  2 black bears (D:7)
  2 ogres
  3 centaurs
  2 big kobolds (D:4)
  Blork the orc (D:6)
  A bullfrog (D:6)
  Dowan (D:5)
  A howler monkey (D:6)
  4 wights (D:6)
  A crimson imp (D:5)
  4 hounds
  2 jellies (D:6)
  2 orc priests
  Ijyb (D:3)
  A centaur skeleton (D:4)
  An orc wizard (D:7)
  3 worker ants
  A hound zombie (D:5)
  A hound skeleton (D:6)
  6 gnolls
  4 adders
  An ooze (D:2)
  An adder skeleton (D:5)
  2 worms
  3 dart slugs
  3 leopard geckos
  5 orcs
  A ball python (D:1)
  9 bats
  5 giant cockroaches
  9 goblins
  11 hobgoblins
  4 jackals
  6 frilled lizards
  9 kobolds
  A leopard gecko skeleton (D:4)
  6 rats
134 creatures vanquished.

Notes
Turn   | Place    | Note
-------+----------+-------------------------------------------
     0 | D:1      | galech the Troll Monk began the quest for the Orb.
     0 | D:1      | Reached XP level 1. HP: 22/22 MP: 0/0
   134 | D:1      | Reached XP level 2. HP: 21/29 MP: 1/1
   813 | D:2      | Reached XP level 3. HP: 27/36 MP: 2/2
  1315 | D:3      | Noticed Sigmund
  1456 | D:3      | Killed Sigmund
  1456 | D:3      | Reached skill level 4 in Unarmed Combat
  1456 | D:3      | Reached XP level 4. HP: 18/45 MP: 3/3
  1456 | D:3      | Reached XP level 5. HP: 22/53 MP: 4/4
  1679 | D:3      | Found a shattered altar of Ashenzari.
  1689 | D:3      | Reached XP level 6. HP: 61/61 MP: 5/5
  1694 | D:3      | Found an iron altar of Okawaru.
  1742 | D:3      | Became a worshipper of Warmaster Okawaru
  1742 | D:3      | Reached * piety under Okawaru
  1742 | D:3      | Reached ** piety under Okawaru
  1881 | D:3      | Noticed Ijyb
  1894 | D:3      | Killed Ijyb
  1894 | D:3      | Reached skill level 5 in Unarmed Combat
  2304 | D:4      | Found a glowing golden altar of the Shining One.
  2563 | D:4      | Reached XP level 7. HP: 62/67 MP: 6/6
  2744 | D:4      | Reached skill level 6 in Unarmed Combat
  3365 | D:5      | Entered Level 5 of the Dungeon
  3365 | D:5      | Noticed Duvessa
  3369 | D:5      | Noticed Dowan
  3373 | D:5      | Killed Duvessa
  3375 | D:5      | Killed Dowan
  3387 | D:5      | Reached skill level 7 in Unarmed Combat
  3698 | D:5      | Reached XP level 8. HP: 75/76 MP: 7/7
  4046 | D:6      | Reached skill level 8 in Unarmed Combat
  4049 | D:6      | Reached *** piety under Okawaru
  4120 | D:6      | Found an ornate altar of the Wu Jian Council.
  4152 | D:6      | Noticed Blork the orc
  4161 | D:6      | Killed Blork the orc
  4161 | D:6      | Reached skill level 1 in Invocations
  4185 | D:6      | Found a staircase to the Ecumenical Temple.
  4248 | D:6      | Found a blossoming altar of Fedhas.
  4427 | D:6      | Noticed Brouzouf's ghost (novice BaFi)
  4434 | D:6      | Killed Brouzouf's ghost
  4434 | D:6      | Reached skill level 9 in Unarmed Combat
  4941 | D:6      | Reached XP level 9. HP: 71/84 MP: 8/8
  4959 | D:7      | Reached **** piety under Okawaru
  4959 | D:7      | Reached skill level 5 in Dodging
  4997 | D:7      | Found Geirr's Weapon Boutique.
  5054 | D:7      | Found Rokh's Quality Used Wands.
  5110 | D:7      | Noticed Menkaure
  5181 | D:7      | Killed Menkaure
  5248 | D:7      | Reached skill level 10 in Unarmed Combat
  5395 | D:7      | Found a huge runed gate.
  5395 | D:7      | Found a huge runed gate.
  5395 | D:7      | Found a huge runed gate.
  5395 | D:7      | Found a huge runed gate.
  5395 | D:7      | Noticed a polar bear
  5395 | D:7      | Noticed a polar bear
  5395 | D:7      | Noticed a polar bear
  5396 | D:7      | Noticed a polar bear
  5396 | D:7      | Noticed a death yak
  5396 | D:7      | Noticed a polar bear
  5419 | D:7      | Killed a polar bear
  5432 | D:7      | Killed a death yak
  5432 | D:7      | Reached ***** piety under Okawaru
  5432 | D:7      | Reached skill level 11 in Unarmed Combat
  5436 | D:7      | Killed a polar bear
  5442 | D:7      | Killed a polar bear
  5442 | D:7      | Reached XP level 10. HP: 54/94 MP: 8/10
  5460 | D:7      | Slain by a polar bear

Vault maps used:
D:1:      saegor_arrival_simple_a
D:2:      first_bread
D:3:      cheibrodos_greedy_goblins, lemuel_round_altar,
          okawaru_ov_weapons_minmay, uniq_iyjb, uniq_sigmund
D:4:      cheibrodos_thug_alley, kennysheep_mini
D:5:      uniq_duvessa
D:6:      lemuel_coloured_pillars_altar, minmay_temple_entry_glass,
          fedhas_altar_1, uniq_blork_the_orc
D:7:      lemuel_bear_cage, serial_shops, shop, nicolae_for_you_no_charge,
          uniq_menkaure

Skill      XL: |  1  2  3  4  5  6  7  8  9 |
---------------+----------------------------+-----
Fighting       | 3 4 |  4.6
Dodging        | 3 4 5 |  5.8
Unarmed Combat | 4 5 7 9 11 | 11.7
Stealth        | 2 |  2.7
Invocations    | 1 |  1.6

Action                   |  1- 3 |  4- 6 |  7- 9 | 10-12 || total
-------------------------+-------+-------+-------+-------++-------
Melee: Unarmed           |   108 |   118 |   202 |    15 ||   443
       Punch             |     2 |     3 |    11 |     1 ||    17
Invok: Heroism           |       |     2 |     5 |     1 ||     8
  Use: Scroll            |       |     8 |     9 |       ||    17
 Stab: Sleeping          |     2 |       |     1 |       ||     3
       Distracted        |     1 |     1 |       |       ||     2
  Eat: Chunk             |    19 |    10 |    26 |       ||    55
Armor: Robe              |    40 |    30 |    45 |     5 ||   120
Dodge: Dodged            |    53 |    48 |   101 |    11 ||   213
